 Dungeon Crawl Stone Soup version 0.28-a0-1555-g9ae15a6949 (webtiles) character file.

Game seed: 6718259286006666136

116 psuckher the Sneak (level 5, -1/41 (42) HPs)
             Began as a Barachi Delver on Jan 18, 2022.
             Slain by a necrophage (6 damage)
             ... on level 4 of the Dungeon.
             The game lasted 00:02:40 (476 turns).

psuckher the Sneak (Barachi Delver)                  Turns: 476, Time: 00:02:41

HP:   -1/41 (42)    AC: 10    Str: 15    XL:     5   Next: 1%
MP:   5/5           EV:  8    Int: 11    God:
Gold: 11            SH: 12    Dex: 13    Spells: 4/4 levels left

rFire   . . .      SeeInvis .   e - +2 mace (protect)
rCold   . . .      Faith    .   i - +2 tower shield
rNeg    . . .      Spirit   .   b - +0 leather armour
rPois   .          Reflect  .   (no helmet)
rElec   .          Harm     .   (no cloak)
rCorr   .          Rampage  .   (no gloves)
Will    .....                   (no boots)
Stlth   +++.......              (no amulet)
HPRegen 0.13/turn               (no ring)
MPRegen 0.09/turn               (no ring)

@: under a protective aura, lightly drained, slow
A: amphibious, slowness 1, strong legs 1, +LOS
a: Hop


You were on level 4 of the Dungeon.
You visited 1 branch of the dungeon, and saw 2 of its levels.

You collected 11 gold pieces.

Inventory:

Hand Weapons
 a - a +0 short sword
 e - a +2 mace of protection (weapon)
Armour
 b - a +0 leather armour (worn)
 h - a +0 buckler
 i - a +2 tower shield (worn)
Wands
 g - a wand of digging (3)
Scrolls
 d - a scroll of magic mapping
Potions
 f - a potion of haste


   Skills:
 + Level 4.1 Fighting
 + Level 2.4 Short Blades
 + Level 1.1 Maces & Flails
 + Level 1.4 Armour
 + Level 2.8 Dodging
 + Level 5.5 Stealth
 + Level 0.4 Shields


You had 4 spell levels left.
You didn't know any spells.
Your spell library was empty.

Dungeon Overview and Level Annotations

Branches:
Dungeon (5/15)             Temple (0/1) D:4

Altars:

Annotations:
D:4 Eustachio


Innate Abilities, Weirdness & Mutations

You are amphibious.
You cover ground slowly.
You can hop short distances.
You have an extended range of vision and can be seen from far away.


Message History

The centaur skeleton kicks you but does no damage.
You hit the centaur skeleton.
The centaur skeleton is almost destroyed.
You block the centaur skeleton's attack.
The centaur skeleton kicks you but does no damage.
The centaur skeleton hits you but does no damage.
The centaur skeleton kicks you but does no damage.
You thump the centaur skeleton!
You destroy the centaur skeleton!
Your Maces & Flails skill increases to level 1!
You have reached level 5!
A necrophage comes into view.
As you read the scroll of fog, it crumbles to dust.
The scroll dissolves into smoke.
You hit the necrophage.
Your weapon exudes an aura of protection.
The necrophage is lightly damaged.
The necrophage barely misses you.
You hit the necrophage.
The necrophage is moderately damaged.
The necrophage hits you but does no damage.
The necrophage hits you.
* * * LOW HITPOINT WARNING * * *
You feel drained.
You hit the necrophage but do no damage.
The necrophage is moderately damaged.
You block the necrophage's attack. The necrophage closely misses you.
You hit the necrophage.
The necrophage is heavily damaged.
The necrophage hits you but does no damage.
You block the necrophage's attack.
You hit the necrophage but do no damage.
The necrophage is heavily damaged.
The necrophage hits you but does no damage.
You hit the necrophage.
The necrophage is severely damaged.
You block the necrophage's attack.
Eustachio mumbles some strange words.
The necrophage hits you.
You die...

.#####.................##
.............§.....n.$...........
###........§§######.##........
#........§§§§g§.............
#........§§§§§...>.. ..#....
#........##@##..g... .....#
#........#b..#...... #.#...
#........##n##...... #.###
##....##.##@# .......##Z..##
#..##.##.#...#.......#......
..###.#####.###.....##@.>..# #.#
#...#........# ... ......###...##
#.# #.. ###.#. ... #. ...#.#. ...
#...)... ... #.##.#.#


You could see Eustachio, a necrophage and a bat (summoned).

Vanquished Creatures
  A phantom (D:4)
  A centaur skeleton (D:4)
  A howler monkey skeleton (D:5)
  A dart slug (D:5)
  A ball python (D:4)
5 creatures vanquished.

Notes
Turn   | Place    | Note
-------+----------+-------------------------------------------
     0 | D:5      | psuckher the Barachi Delver began the quest for the Orb.
     0 | D:5      | Reached XP level 1. HP: 18/18 MP: 1/1
    63 | D:5      | Reached XP level 2. HP: 21/25 MP: 2/2
   401 | D:4      | Found a staircase to the Ecumenical Temple.
   407 | D:4      | Noticed a phantom
   420 | D:4      | Noticed Eustachio
   428 | D:4      | Killed a phantom
   429 | D:4      | Reached skill level 1 in Armour
   429 | D:4      | Reached skill level 5 in Stealth
   429 | D:4      | Reached XP level 3. HP: 3/30 MP: 3/3
   429 | D:4      | Reached XP level 4. HP: 4/37 MP: 4/4
   453 | D:4      | Reached skill level 1 in Maces & Flails
   453 | D:4      | Reached XP level 5. HP: 5/42 MP: 5/5
   461 | D:4      | Noticed a necrophage
   476 | D:4      | Slain by a necrophage

Illustrated notes

Levels and vault maps discovered:
D:4:      minmay_evil_eye, layout_rooms, minmay_temple_entry_slanted,
          amcnicky_mini_corridor_feature, minmay_cupped, uniq_eustachio
D:5:      kennysheep_slugbush, layout_basic, uniq_duvessa, uniq_prince_ribbit1

Skill      XL: |  1  2  3  4 |
---------------+-------------+-----
Fighting       | 4 |  4.1
Armour         | 1 |  1.4
Stealth        | 5 |  5.5
Maces & Flails | 1 |  1.1
Short Blades   | |  2.4
Dodging        | |  2.8
Shields        | |  0.4

Action                   |  1- 3 |  4- 6 || total
-------------------------+-------+-------++-------
Melee: Short sword       |    20 |       ||    20
       Mace              |    13 |    12 ||    25
  Use: Scroll            |     2 |     1 ||     3
 Stab: Sleeping          |     1 |       ||     1
Armor: Leather armour    |    24 |    12 ||    36
Dodge: Dodged            |    27 |     9 ||    36
Block: Buckler           |     9 |       ||     9
       Tower shield      |       |    11 ||    11

Table legend: (Time is in decaauts)
 A = Elapsed time spent in this place.
 B = Non-inter-level travel time spent in this place.
 C = Inter-level travel time spent in this place.
 D = Time resting spent in this place.
 E = Time spent auto-exploring this place.
 F = Levels seen in this place.
 G = Mean time per level.
                   A        B        C        D        E       F      G
               +--------+--------+--------+--------+--------+-----+--------+
         Total |    571 |    550 |     21 |      0 |      0 |   2 |  285.5 |
       Dungeon |    571 |    550 |     21 |      0 |      0 |   2 |  285.5 |
               +--------+--------+--------+--------+--------+-----+--------+

Top non-repeatable levels by time:
     D:4: 362 daAuts
     D:5: 209 daAuts
